 Dungeon Crawl Stone Soup version 0.30-b1-2-g02819fbbbe (webtiles) character file.

Game seed: 16642197277802087050

59277 Ashen the Fighter (level 14, -3/149 HPs)
             Began as an Ogre Fire Elementalist on Sept 7, 2023.
             Was a High Priest of Vehumet.
             Slain by a five-headed hydra (13 damage)
             ... on level 5 of the Lair of Beasts on Sept 8, 2023.
             The game lasted 01:46:13 (23817 turns).

Ashen the Fighter (Ogre Fire Elementalist)         Turns: 23817, Time: 01:46:15

Health: -3/149     AC: 11    Str: 15    XL:     14   Next: 94%
Magic:  8/30       EV: 12    Int: 20    God:    Vehumet [*****.]
Gold:   1044       SH:  0    Dex:  9    Spells: 20/37 levels left

rFire   . . .        q - staff of fire
rCold   + . .        (no shield)
rNeg    + . .        G - +4 troll leather armour
rPois   .            (helmet restricted)
rElec   .            i - +1 cloak of the Old World {rF- rC+ Regen+ SInv}
rCorr   .            (gloves unavailable)
SInv    +            (boots unavailable)
Will    +....        I - amulet of regeneration
Stlth   ++           H - ring of wizardry
HPRegen 2.84/turn    o - ring of positive energy
MPRegen 0.22/turn

%: wizardry (x1)
@: no status effects
A: large, unfitting armour, tough skin 1
a: Renounce Religion


You were on level 5 of the Lair of Beasts.
You worshipped Vehumet.
Vehumet was extremely pleased with you.
You visited 5 branches of the dungeon, and saw 19 of its levels.
You also visited: Bailey and Volcano.

You collected 1274 gold pieces.
You spent 230 gold pieces at shops.

Inventory:

Hand Weapons
 m - a +1 dagger of venom
 v - a +9 heavy giant spiked club
 w - a +3 whip of electrocution
Armour
 a - quicksilver dragon scales
 h - a +2 kite shield of fire resistance
 i - the +1 cloak of the Old World (worn) {rF- rC+ Regen+ SInv}
   (You found it on level 11 of the Dungeon)

   rF:        It makes you vulnerable to fire.
   rC:        It protects you from cold.
   SInv:      It lets you see invisible.
   Regen:     It increases your rate of health regeneration.
 G - a +4 troll leather armour (worn)
Magical Staves
 q - a staff of fire (weapon)
Jewellery
 o - a ring of positive energy (right hand)
 H - a ring of wizardry (left hand)
 I - an amulet of regeneration (around neck)
 L - a +5 ring of evasion
 Q - a ring of flight
 R - an amulet of faith
Wands
 y - a wand of charming (15)
 D - a wand of mindburst (13)
 E - a wand of polymorph (7)
 K - a wand of flame (14)
 M - a wand of digging (4)
Scrolls
 b - 3 scrolls of fog
 c - 2 scrolls of amnesia
 e - 5 scrolls of noise
 l - a scroll of butterflies
 s - 4 scrolls of teleportation
 t - 3 scrolls of magic mapping
 B - 10 scrolls of enchant armour
 C - 2 scrolls of identify
 F - a scroll of enchant weapon
 J - a scroll of silence
 O - a scroll of immolation
 P - a scroll of fear
Potions
 d - 5 potions of berserk rage
 f - 4 potions of lignification
 g - 4 potions of curing
 j - 6 potions of attraction
 k - 4 potions of brilliance
 n - 3 potions of magic
 p - 9 potions of might
 r - a potion of flight
 u - 5 potions of haste
 x - 3 potions of invisibility
 z - 3 potions of mutation
 A - 2 potions of resistance


   Skills:
 - Level 12.1 Fighting
 + Level 9.3 Maces & Flails
 + Level 10.6 Dodging
 - Level 3.0 Stealth
 - Level 12.0 Spellcasting
 + Level 10.5 Conjurations
 + Level 10.9 Fire Magic


You had 20 spell levels left.
You knew the following spells:

 Your Spells              Type           Power      Damage    Failure   Level
a - Foxfire               Conj/Fire      100%       2x1d9     1%          1
b - Scorch                Fire           100%       2d9       1%          2
c - Flame Wave            Conj/Fire      70%        2d16      1%          4
d - Blink                 Tloc           24%        N/A       4%          2
e - Sticky Flame          Conj/Fire      70%        2d8       1%          4
f - Iskenderun's Mystic   Conj/Tloc      33%        2d8       1%          4

Your spell library contained the following spells:

 Spells                   Type           Power      Damage    Failure   Level
 Yara's Violent Unravell  Hex/Tmut       6%         3d5       19%         5
 Magic Dart               Conj           100%       1d8       1%          1
 Momentum Strike          Conj/Tloc      66%        3d9       1%          2
 Dazzling Flash           Conj/Hex       66%        N/A       1%          3
 Inner Flame              Hex/Fire       50%        N/A       1%          3
 Mephitic Cloud           Conj/Pois/Air  26%        N/A       1%          3
 Volatile Blastmotes      Fire/Tloc      100%       2d18      1%          3
 Starburst                Conj/Fire      35%        6d10      1%          6
 Arcjolt                  Conj/Air       16%        1d26      2%          5
 Call Imp                 Summ           24%        N/A       4%          2
 Lesser Beckoning         Tloc           24%        N/A       4%          2
 Sublimation of Blood     Necr           12%        N/A       4%          2
 Wereblood                Tmut           12%        N/A       4%          2
 Portal Projectile        Hex/Tloc       24%        N/A       9%          3
 Tukima's Dance           Hex            12%        N/A       9%          3
 Vhi's Electric Charge    Tloc/Air       24%        N/A       9%          3
 Plasma Beam              Fire/Air       25%        2x1d41    13%         6
 Blade Hands              Tmut           6%         N/A       56%         5
 Summon Hydra             Summ           6%         N/A       100%        7


Dungeon Overview and Level Annotations

Branches:
Dungeon (11/15)            Temple (1/1) D:5            Lair (5/5) D:11
  Swamp (1/4) Lair:2        Snake (0/4) Lair:2        Slime (0/5) Lair:4
    Orc (1/2) D:9          Bailey (visited)         Volcano (visited)

Altars:
Ashenzari
Cheibriados
Dithmenos
Elyvilon
Fedhas
Gozag
Hepliaklqana
Kikubaaqudgha
Makhleb
Nemelex Xobeh
Okawaru
Qazlal
Ru
Sif Muna
Trog
Uskayaw
Vehumet
Wu Jian
Xom
Yredelemnul
Zin
The Shining One
Jiyva

Shops:
D:10 *   D:11 [

Annotations:
D:5 2 transporters
D:7 3 runed translucent doors, Discosetron's ghost, novice DjAE; Maggie
D:10 3 runed translucent doors, diceflayer's ghost, journeyman DsHu
Lair:4 exclusion: 3 oklob plants
Orc:1 1 transporter


Innate Abilities, Weirdness & Mutations

You are too large for most types of armour.
You have tough skin. (AC +1)


Message History

The mystic blast hits the five-headed hydra!
The five-headed hydra is moderately wounded.
The mystic blast hits the catoblepas but does no damage.
You feel sick.
You are no longer poisoned.
The catoblepas rams the ground with its head heavily.
The catoblepas gores you but does no damage.
Unknown command.
Casting: Iskenderun's Mystic Blast (mildly dangerous; 1% risk of failure)
Confirm with . or Enter, or press ? or * to list all spells.
You erupt in a blast of force!
The mystic blast hits the five-headed hydra!
The five-headed hydra is heavily wounded.
The mystic blast hits the catoblepas.
The catoblepas is lightly wounded.
You hear a howl!
The catoblepas gores you but does no damage.
Unknown command.
Casting: Iskenderun's Mystic Blast (mildly dangerous; 1% risk of failure)
Confirm with . or Enter, or press ? or * to list all spells.
You erupt in a blast of force!
The mystic blast hits the wolf!
The wolf is heavily wounded.
The wolf is knocked back by the mystic blast.
The mystic blast hits the black mamba!
The black mamba is almost dead.
The black mamba is knocked back by the mystic blast.
The mystic blast hits the five-headed hydra!
The five-headed hydra is severely wounded.
The five-headed hydra is knocked back by the mystic blast.
The five-headed hydra slams into the rock wall!
The five-headed hydra is almost dead.
The mystic blast hits the catoblepas.
The catoblepas is lightly wounded.
The catoblepas is knocked back by the mystic blast.
You hear a howl!
The five-headed hydra bites you!
* * * LOW HITPOINT WARNING * * *
The five-headed hydra barely misses you. x2
The five-headed hydra bites you!
You die...

....#.........................
..#......#....................
.##......##.P.................
.P#.......#......§............
..#...........................
.........................#....
...............§..............
...............§..<....#......
.........(....Y.@.....##....P.
...............D.=...## .....
..............###....# ....
............S#.#.###....
..........h###### #..#.
...........## .......
.P..........# #.... .
#........S..## .....
#............#


You could see a catoblepas, a five-headed hydra, a black mamba and a wolf.

Vanquished Creatures
  Erolcha (D:10)
  5 hydras
  A catoblepas (Lair:1)
  Erica (D:10)
  A boulder beetle (D:11)
  A two-headed ogre (D:10)
  10 death yaks
  A hell knight (Volcano)
  A sun demon (Volcano)
  3 skeletal warriors
  A skyshark (Lair:5)
  A bog body (Lair:2)
  A lindwurm (Lair:4)
  An ugly thing (Volcano)
  A salamander (Lair:2)
  A manticore (D:11)
  8 elephants
  9 black mambas
  2 torpor snails
  A gargoyle (Volcano)
  14 cane toads
  5 unseen horrors
  2 rime drakes
  12 komodo dragons
  A kobold demonologist (D:11)
  4 trolls
  5 polar bears
  2 hornets
  Grinder (D:6)
  20 blink frogs
  2 shadows (D:11)
  A vampire (D:11)
  A basilisk (Lair:5)
  7 wyverns
  2 fire bats (Volcano)
  36 yaks
  Eustachio (D:6)
  Grum (D:9)
  6 vampire mosquitoes (D:11)
  2 steam dragons
  A warg (D:9)
  2 acid dragons
  3 hell hounds (Volcano)
  Duvessa (D:5)
  17 water moccasins
  17 orc warriors
  2 black bears
  4 ice beasts (D:11)
  3 ogres
  3 centaurs
  7 wolves
  A phantom (D:6)
  A kobold brigand (D:9)
  Blork the orc (D:6)
  8 bullfrogs
  A gnoll sergeant (D:5)
  10 wights
  Dowan (D:5)
  20 killer bees
  2 howler monkeys
  11 lava snakes
  11 orc priests
  Crazy Yiuf (D:2)
  2 hounds
  A jelly (D:7)
  2 sleepcaps
  2 iguanas
  8 orc wizards
  Robin (D:2)
  13 gnolls
  13 adders
  A shadow imp (D:7)
  2 white imps
  2 ufetubi
  A worm (D:2)
  2 dart slugs
  72 orcs
  9 ball pythons
  7 endoplasms
  3 giant cockroaches
  21 goblins
  6 hobgoblins
  A jackal (D:4)
  13 kobolds
  5 quokkas
  4 bats
  A frilled lizard (D:3)
  5 rats
501 creatures vanquished.

Vanquished Creatures (others)
  843 foxfires
  30 fungi
  62 plants
935 creatures vanquished.

Grand Total: 1436 creatures vanquished

Notes
Turn   | Place    | Note
-------+----------+-------------------------------------------
     0 | D:1      | Ashen the Ogre Fire Elementalist began the quest for the
                  | Orb.
     0 | D:1      | Reached XP level 1. HP: 16/16 MP: 3/3
    30 | D:1      | Reached skill level 1 in Conjurations
   317 | D:1      | Reached XP level 2. HP: 26/26 MP: 3/5
   862 | D:2      | You fall into a shaft and drop 1 floor!
   913 | D:2      | Reached skill level 1 in Fighting
   915 | D:2      | Reached XP level 3. HP: 10/33 MP: 2/7
  1182 | D:2      | Reached XP level 4. HP: 40/41 MP: 4/8
  1463 | D:2      | Reached XP level 5. HP: 25/49 MP: 4/9
  1587 | D:2      | Noticed Robin
  1820 | D:2      | Killed Robin
  2040 | D:2      | Found a runed translucent door.
  2041 | D:2      | Noticed Crazy Yiuf
  2096 | D:2      | Killed Crazy Yiuf
  2887 | D:4      | Reached XP level 6. HP: 59/59 MP: 9/11
  2930 | D:4      | Learned a level 2 spell: Scorch
  2935 | D:4      | Learned a level 4 spell: Flame Wave
  3828 | D:4      | Noticed a black bear
  3839 | D:4      | Killed a black bear
  3996 | D:4      | Reached XP level 7. HP: 67/67 MP: 6/12
  4273 | D:5      | Entered Level 5 of the Dungeon
  4368 | D:5      | Found a staircase to the Ecumenical Temple.
  4377 | Temple   | Entered the Ecumenical Temple
  4576 | Temple   | Became a worshipper of Vehumet
  5313 | D:5      | Found a transporter.
  5421 | D:5      | Found a transporter.
  5513 | D:5      | Noticed Duvessa
  5522 | D:5      | Killed Duvessa
  5523 | D:5      | Reached XP level 8. HP: 70/79 MP: 0/15
  5550 | D:5      | Noticed Dowan
  5639 | D:5      | Killed Dowan
  6418 | D:6      | Noticed Eustachio
  6549 | D:6      | Killed Eustachio
  6550 | D:6      | Reached skill level 5 in Fighting
  6550 | D:6      | Reached skill level 5 in Spellcasting
  6716 | D:6      | Learned a level 2 spell: Blink
  6908 | D:6      | Noticed Blork the orc
  6916 | D:6      | Killed Blork the orc
  6949 | D:6      | Reached * piety under Vehumet
  6949 | D:6      | Offered knowledge of Freeze by Vehumet.
  6950 | D:6      | Reached skill level 5 in Fire Magic
  7340 | D:6      | Noticed Grinder
  7354 | D:6      | Paralysed by Grinder for 3 turns
  7368 | D:6      | Killed Grinder
  7369 | D:6      | Reached XP level 9. HP: 88/88 MP: 8/18
  8131 | D:7      | Reached skill level 5 in Dodging
  8224 | D:7      | Noticed Maggie
  8297 | D:7      | Reached skill level 5 in Conjurations
  8316 | D:7      | Found a runed translucent gate.
  8317 | D:7      | Found a runed translucent gate.
  8318 | D:7      | Found a runed translucent gate.
  8330 | D:7      | Noticed Discosetron's ghost (novice DjAE)
  8404 | D:7      | Found a flagged portal.
  8422 | Bailey   | Entered a bailey
  8611 | Bailey   | Reached ** piety under Vehumet
  8611 | Bailey   | Offered knowledge of Searing Ray by Vehumet.
  8622 | Bailey   | Reached XP level 10. HP: 104/104 MP: 11/22
  9901 | D:8      | Learned a level 4 spell: Sticky Flame
 10121 | D:8      | Found a sacrificial altar of Ru.
 10128 | D:8      | Paralysed by a hornet for 1 turns
 10131 | D:8      | Offered knowledge of Poisonous Vapours by Vehumet.
 10132 | D:8      | Reached XP level 11. HP: 51/111 MP: 14/23
 10310 | D:8      | Found a basalt altar of Yredelemnul.
 10981 | D:9      | Found a staircase to the Orcish Mines.
 11435 | D:9      | Reached *** piety under Vehumet
 11480 | D:9      | Reached skill level 5 in Maces & Flails
 11847 | D:9      | Offered knowledge of Hailstorm by Vehumet.
 12127 | Orc:1    | Entered Level 1 of the Orcish Mines
 12127 | Orc:1    | Found a transporter.
 12140 | Orc:1    | Noticed an orc warlord
 12225 | D:10     | Entered Level 10 of the Dungeon
 12225 | D:10     | Noticed Grum
 12225 | D:10     | Found Jyutryuvuo's General Store.
 12233 | D:9      | Killed Grum
 12316 | D:10     | Noticed Erolcha
 12328 | D:10     | Killed Erolcha
 12329 | D:10     | Noticed a two-headed ogre
 12338 | D:10     | Killed a two-headed ogre
 12495 | D:10     | Reached **** piety under Vehumet
 12571 | D:10     | Bought a scroll of enchant armour for 75 gold pieces
 12571 | D:10     | Bought a potion of invisibility for 80 gold pieces
 12571 | D:10     | Bought a scroll of enchant weapon for 75 gold pieces
 12584 | D:10     | Found a runed translucent gate.
 12584 | D:10     | Noticed diceflayer's ghost (journeyman DsHu)
 12585 | D:10     | Found a runed translucent gate.
 12585 | D:10     | Noticed a fire giant
 12586 | D:10     | Found a runed translucent gate.
 12586 | D:10     | Noticed a cyclops
 12600 | D:10     | Noticed Erica
 12606 | D:10     | Killed Erica
 12636 | D:10     | Offered knowledge of Iskenderun's Mystic Blast by Vehumet.
 13114 | D:11     | Found Hiji's Armour Boutique.
 13188 | D:11     | Found a staircase to the Lair.
 13200 | D:11     | Reached XP level 12. HP: 94/119 MP: 13/25
 14003 | D:11     | Reached skill level 10 in Fighting
 14182 | D:11     | Reached skill level 10 in Spellcasting
 14245 | D:11     | Identified the +1 cloak of the Old World {rF- rC+ Regen+
                  | SInv}
 14554 | D:11     | Noticed a boulder beetle
 14592 | D:11     | Killed a boulder beetle
 15005 | D:11     | Found a staircase to the Lair.
 15159 | D:11     | Found Hiji's Armour Boutique.
 15708 | Lair:1   | Entered Level 1 of the Lair of Beasts
 15971 | Lair:1   | Noticed a death yak
 15975 | Lair:1   | Noticed a death yak
 16041 | Lair:1   | Noticed a death yak
 16049 | D:11     | Killed a death yak
 16077 | Lair:1   | Noticed a death yak
 16078 | Lair:1   | Noticed a death yak
 16090 | D:11     | Killed a death yak
 16091 | D:11     | Reached XP level 13. HP: 91/136 MP: 11/27
 17045 | Lair:1   | Learned a level 4 spell: Iskenderun's Mystic Blast
 17644 | Lair:1   | Reached ***** piety under Vehumet
 17988 | Lair:2   | Found a staircase to the Swamp.
 18023 | Lair:2   | Offered knowledge of Ozocubu's Refrigeration by Vehumet.
 18053 | Lair:2   | Found a dark tunnel.
 18058 | Volcano  | Entered a volcano
 18492 | Volcano  | Found a radiant altar of Vehumet.
 18581 | Volcano  | HP: 3/139 [hell knight/bolt of fire (18)]
 19236 | Lair:2   | Found a staircase to the Snake Pit.
 19258 | Lair:2   | Reached XP level 14. HP: 77/149 MP: 6/29
 19716 | Swamp:1  | Entered Level 1 of the Swamp
 19967 | Lair:3   | Reached skill level 10 in Fire Magic
 20820 | Lair:3   | Paralysed by a hornet for 1 turns
 21216 | Lair:4   | Reached skill level 10 in Dodging
 21368 | Lair:4   | Offered knowledge of Yara's Violent Unravelling by Vehumet.
 21433 | Lair:4   | Reached skill level 10 in Conjurations
 21973 | Lair:4   | Found a viscous altar of Jiyva.
 21973 | Lair:4   | Found a staircase to the Slime Pits.
 22530 | Lair:5   | Entered Level 5 of the Lair of Beasts
 22543 | Lair:4   | HP: 7/149 [black mamba (10)]
 22545 | Lair:4   | HP: 3/149 [black mamba (4)]
 23817 | Lair:5   | Slain by a five-headed hydra

Illustrated notes

Levels and vault maps discovered:
D:1:      amcnicky_arrival_feature_with_door, layout_loops_cross
D:2:      minmay_wonky_spiral, layout_basic, minmay_snake_closets, uniq_robin,
          uniq_crazy_yiuf_cottage
D:3:      layout_rooms
D:4:      layout_basic, minmay_quadrilaterals
D:5:      gammafunk_cloud_chamber, layout_loops_corners,
          minmay_temple_entry_sparse_star, uniq_duvessa
D:6:      layout_basic, chequers_serial_rivers_small_3, uniq_blork_the_orc,
          uniq_grinder, uniq_eustachio
D:7:      layout_rooms, enter_bailey_5, ebering_ghost_rock_garden, uniq_maggie
D:8:      layout_layer_cave, jmf_multi_god_temple
D:9:      layout_long_grid, david_orc_3, corexii_leaking_fountain
D:10:     layout_rooms, gammafunk_ghost_split, serial_shops,
          nicolae_diamond_shop, uniq_grum, uniq_erolcha, uniq_erica
D:11:     minmay_razor_zed, layout_irregular_city, hellmonk_lair_entry_icy,
          gauntlet_entry_generic, serial_shops, nicolae_lakefront_shop
Temple:   nicolae_temple_slightly_damp_pantheon
Lair:1:   cheibrodos_lair_river_kwai, layout_cellular_growth,
          dreamdust_deal_with_the_devil
Lair:2:   layout_loops_ring, skrybe_swamp_entry_bodies,
          nicolae_snake_entry_warm_welcome, enter_volcano_1,
          serial_bayou_pond_c, chequers_serial_rivers_large_a, lemuel_fruit_tree
Lair:3:   cheibrodos_lair_overgrown_chateau, layout_regular_city, st_stairs_13
Lair:4:   layout_regular_city, minmay_slime_entry_oklob_open,
          beast_lair_carwin_5
Lair:5:   grunt_lair_end_beastmaster, layout_hall_layers, lemuel_fruit_fields
Swamp:1:  layout_basic_swamp, lemuel_altar_in_water, uniq_roxanne, uniq_donald,
          uniq_jorgrun, uniq_aizul
Orc:1:    layout_caves, gammafunk_ghost_arena, nicolae_orc_stony_grotto,
          uniq_sonja

Skill      XL: |  1  2  3  4  5  6  7  8  9 10 11 12 13 14 |
---------------+-------------------------------------------+-----
Conjurations   | 1 2 3 4 6 7 8 9 10 | 10.5
Dodging        | 2 3 4 6 7 8 9 10 | 10.6
Fighting       | 1 2 3 4 5 7 8 9 10 12 | 12.1
Fire Magic     | 3 4 5 7 8 9 10 | 10.9
Spellcasting   | 3 4 6 8 9 10 11 12 | 12.0
Stealth        | 2 3 |  3.0
Maces & Flails | 4 5 7 8 9 |  9.3

Action                     |  1- 3 |  4- 6 |  7- 9 | 10-12 | 13-15 || total
---------------------------+-------+-------+-------+-------+-------++-------
  Melee: Unarmed           |    17 |    12 |       |       |       ||    29
         Staff             |       |    27 |    62 |   100 |   107 ||   296
         Dagger            |       |     7 |       |       |       ||     7
         Punch             |       |     1 |     1 |     1 |       ||     3
         Whip              |       |       |     9 |       |       ||     9
         Giant spiked club |       |       |       |     1 |     1 ||     2
   Cast: Foxfire           |    37 |    82 |   105 |   210 |    48 ||   482
         Scorch            |       |    17 |    48 |    62 |    65 ||   192
         Flame Wave        |       |       |     5 |    24 |    19 ||    48
         Sticky Flame      |       |       |       |    57 |    48 ||   105
         Blink             |       |       |       |     5 |     1 ||     6
         Iskenderun's Myst |       |       |       |       |   203 ||   203
  Evoke: Wand              |       |       |       |       |    10 ||    10
    Use: Potion            |     2 |     1 |     1 |     2 |    10 ||    16
         Scroll            |       |       |    14 |    22 |     9 ||    45
   Stab: Sleeping          |     1 |     2 |       |       |       ||     3
         Distracted        |       |       |       |       |     1 ||     1
 Armour: Robe              |    12 |    14 |    34 |    11 |       ||    71
         Troll leather arm |       |       |       |   116 |   211 ||   327
  Dodge: Dodged            |    20 |    23 |    87 |   202 |   285 ||   617
